 Dungeon Crawl Stone Soup version 0.31-a0-963-ga325b2283a (webtiles) character file.

Game seed: 17892745747051091700

3641 Dirtsage the Carver (level 9, -4/69 HPs)
             Began as a Demonspawn Fighter on Oct 24, 2023.
             Was a Priest of Makhleb.
             Succumbed to Maggie's poison
             ... on level 7 of the Dungeon.
             The game lasted 00:10:12 (6780 turns).

Dirtsage the Carver (Demonspawn Fighter)            Turns: 6780, Time: 00:10:13

Health: -4/69      AC:  9    Str: 14 (16) XL:     9   Next: 88%
Magic:  13/13      EV:  8    Int:  7 (10) God:    Makhleb [***...]
Gold:   316        SH:  6    Dex: 21 (23) Spells: 8/8 levels left

rFire   . . .        A - +4 long sword
rCold   . . .        c - +0 buckler
rNeg    . . .        b - +0 scale mail
rPois   .            v - +0 helmet
rElec   .            (no cloak)
rCorr   .            (no gloves)
SInv    .            D - +0 pair of boots
Will    .....        (no amulet) Stlth
                     p - +6 ring of dexterity
HPRegen 0.31/turn    (no ring)
MPRegen 0.13/turn

%: no passive effects
@: lethally poisoned (-4 -> -33), mesmerised
A: spiny 2, sharp scales 1, demonic touch 1
a: Renounce Religion, Minor Destruction, Lesser Servant of Makhleb


You were on level 7 of the Dungeon.
You worshipped Makhleb.
Makhleb was most pleased with you.
You visited 2 branches of the dungeon, and saw 8 of its levels.
You also visited: Sewer.

You collected 316 gold pieces.

Inventory:

Hand Weapons
 a - a +0 long sword
 A - a +4 long sword (weapon)
Missiles
 h - 2 throwing nets
 r - a curare-tipped dart
Armour
 b - a +0 scale mail (worn)
 c - a +0 buckler (worn)
 v - a +0 helmet (worn)
 D - a +0 pair of boots (worn)
Magical Staves
 k - a staff of conjuration
Jewellery
 d - a ring of ice
 p - a +6 ring of dexterity (left hand)
 B - a +5 ring of evasion
Wands
 C - a wand of flame (17)
 E - a wand of paralysis (6)
Scrolls
 e - 7 scrolls of teleportation {unknown}
 g - 2 scrolls of amnesia {unknown}
 i - 2 scrolls of blinking {unknown}
 j - a scroll of poison {unknown}
 l - 2 scrolls of acquirement {unknown}
 m - 2 scrolls of vulnerability {unknown}
 n - 2 scrolls of enchant weapon {unknown}
 o - 3 scrolls of identify {unknown}
 t - 2 scrolls of immolation
 u - 4 scrolls of fog {unknown}
 y - a scroll of summoning {unknown}
Potions
 f - 2 potions of haste {unknown}
 q - 3 potions of curing {unknown}
 w - a potion of mutation {unknown}
 x - 3 potions of degeneration
 z - 2 potions of magic {unknown}
Miscellaneous
 s - a phantom mirror


   Skills:
 + Level 6.0 Fighting
 * Level 10.2 Long Blades
 - Level 2.6 Armour
 + Level 5.5 Shields
 + Level 6.6 Invocations


You had 8 spell levels left.
You didn't know any spells.
Your spell library contained the following spells:

 Spells                   Type           Power      Damage    Failure   Level
 Summon Small Mammal      Summ           0%         N/A       94%         1
 Call Canine Familiar     Summ           0%         N/A       100%        3
 Gell's Gravitas          Tloc           0%         N/A       100%        3
 Summon Guardian Golem    Hex/Summ       0%         N/A       100%        3
 Teleport Other           Tloc           0%         N/A       100%        3
 Passage of Golubria      Tloc           0%         N/A       100%        4
 Silence                  Hex/Air        0%         N/A       100%        5
 Dispersal                Tloc           0%         N/A       100%        6
 Lehudib's Crystal Spear  Conj/Erth      0%         10d2      100%        8


Dungeon Overview and Level Annotations

Branches:
Dungeon (7/15)             Temple (1/1) D:7           Sewer (visited)

Altars:
Ashenzari
Cheibriados
Dithmenos
Fedhas
Gozag
Hepliaklqana
Makhleb
Nemelex Xobeh
Okawaru
Qazlal
Ru
Sif Muna
Trog
Uskayaw
Vehumet
Wu Jian
Xom
Yredelemnul

Annotations:
D:7 Maggie


Innate Abilities, Weirdness & Mutations

You are mostly covered in sharp spines.
You are partially covered in razor-sharp scales. (AC +1, Slay +1)
Your touch may inflict minor irresistible damage on your foes.


Message History

You slash Maggie!
Maggie is lightly wounded.
You block Maggie's attack.
You slash Maggie!
Maggie is moderately wounded.
Your smoke demon hits Maggie.
Your smoke demon hits Maggie but does no damage.
Your smoke demon barely misses Maggie.
You hit Maggie but do no damage.
Maggie is heavily wounded.
Maggie is struck by your spines.
Maggie hits you with a +3 glaive of venom!
You are poisoned.
Your smoke demon gestures at Maggie.
Maggie is smitten.
You take 12 damage, and have 35/69 hp.
You hit Maggie.
Maggie is severely wounded.
You feel very sick.
Maggie hits you with a +3 glaive of venom!
* * * LOW HITPOINT WARNING * * *
You are lethally poisoned!
Your smoke demon hits Maggie but does no damage. x3
You take 16 damage, and have 19/69 hp.
MASSIVE DAMAGE!!
You catch the helpless Maggie completely off-guard!
You slash Maggie!
Maggie is almost dead.
* * * LOW HITPOINT WARNING * * *
You feel extremely sick. Maggie casts a spell at you.
The bolt of fire hits you!
* * * LOW HITPOINT WARNING * * *
Your smoke demon closely misses Maggie.
Your smoke demon hits Maggie but does no damage.
Your smoke demon hits Maggie.
You take 17 damage, and have 2/69 hp.
MASSIVE DAMAGE!!
It was a potion of degeneration.
There was something very wrong with that liquid.
You feel weakened.
You feel dopey.
You feel clumsy.
You die...

..#.... #..... .##. #....###....
######..........#
##..##............
#P.P.#........... #
####.####...........#
##P#...#P......##.....
##....>........@@..#
##..P#...#P.....3...#
#..####.##.......##.# ...##..
#...##P.P.......## ......... ..
.................. ............
...................#......... ...
..##.............#...............
#.##..<.......................#..
..............##.............##.#


You could see Maggie (mesmerising, ally target) and a friendly smoke demon
(summoned).

Vanquished Creatures
  Pikel (D:7)
  The ghost of Maratek the Chopper, a novice MiFi of Jiyva (D:6)
  An unseen horror simulacrum (D:6)
  Menkaure (D:5)
  A sky beast (D:7)
  Duvessa (D:5)
  An ice beast (D:6)
  A hornet zombie (D:6)
  The ghost of Pi314 the Trooper, an amateur DsCK of Xom (D:3)
  2 ogres
  2 phantoms
  A lemure (D:7)
  A kobold brigand (D:3)
  Blork the orc (D:4)
  2 scorpions (D:5)
  6 bullfrogs
  A gnoll sergeant (D:7)
  Dowan (D:5)
  3 howler monkeys
  A centaur zombie (D:6)
  A hound (D:7)
  4 jellies
  2 sleepcaps (D:5)
  4 iguanas
  An orc priest (D:5)
  Jessica (D:3)
  Terence (D:3)
  An orc wizard (D:3)
  A killer bee simulacrum (D:6)
  11 gnolls
  13 adders
  A river rat (Sewer)
  A white imp (D:7)
  4 ufetubi (D:6)
  4 worms
  3 dart slugs
  16 orcs
  3 bats
  7 endoplasms
  A giant cockroach (D:1)
  2 goblins (D:4)
  8 hobgoblins
  5 jackals (D:4)
  3 quokkas
  14 ball pythons
  2 frilled lizards
  3 kobolds
  45 rats
192 creatures vanquished.

Notes
Turn   | Place    | Note
-------+----------+-------------------------------------------
     0 | D:1      | Dirtsage the Demonspawn Fighter began the quest for the
                  | Orb.
     0 | D:1      | Reached XP level 1. HP: 18/18 MP: 1/1
   102 | D:1      | Reached skill level 2 in Long Blades
   335 | D:1      | Gained mutation: You are partially covered in sharp spines.
                  | [demonic ancestry]
   335 | D:1      | Reached XP level 2. HP: 24/24 MP: 2/2
   716 | D:1      | Reached skill level 3 in Long Blades
  1018 | D:2      | Gained mutation: You are partially covered in razor-sharp
                  | scales. (AC +1, Slay +1) [demonic ancestry]
  1018 | D:2      | Reached XP level 3. HP: 29/29 MP: 3/3
  1593 | D:3      | Reached skill level 4 in Long Blades
  1593 | D:3      | Reached XP level 4. HP: 35/35 MP: 4/4
  1667 | D:3      | Noticed Terence
  1685 | D:3      | Killed Terence
  1770 | D:3      | Gained mutation: You are mostly covered in sharp spines.
                  | [demonic ancestry]
  1770 | D:3      | Reached XP level 5. HP: 40/41 MP: 5/5
  1776 | D:3      | Reached skill level 5 in Long Blades
  1875 | D:3      | Noticed Jessica
  1877 | D:3      | Killed Jessica
  2073 | D:3      | Found a runed translucent door.
  2080 | D:3      | Noticed Pi314's ghost (amateur DsCK)
  2202 | D:3      | Found an opulent altar of Gozag.
  2471 | D:3      | Reached XP level 6. HP: 46/47 MP: 6/6
  2479 | D:3      | Killed Pi314's ghost
  2480 | D:3      | Reached skill level 6 in Long Blades
  2990 | D:4      | Noticed Blork the orc
  3000 | D:4      | Killed Blork the orc
  3001 | D:4      | Reached skill level 7 in Long Blades
  3001 | D:4      | Reached XP level 7. HP: 48/52 MP: 7/7
  3099 | D:3      | Found a sacrificial altar of Ru.
  3099 | D:3      | Found a shimmering altar of Xom.
  3099 | D:3      | Found a snail-covered altar of Cheibriados.
  3099 | D:3      | Found a burning altar of Makhleb.
  3110 | D:3      | Became a worshipper of Makhleb the Destroyer
  3602 | D:5      | Entered Level 5 of the Dungeon
  3622 | D:5      | Found a faded altar of an unknown god.
  3622 | D:5      | Found an iron altar of Okawaru.
  3630 | D:5      | Found a shadowy altar of Dithmenos.
  3632 | D:5      | Found a hazy altar of Hepliaklqana.
  3634 | D:5      | Found a faded altar of an unknown god.
  3694 | D:5      | Noticed Menkaure
  3703 | D:5      | Killed Menkaure
  3704 | D:5      | Reached skill level 1 in Invocations
  3845 | D:5      | Reached skill level 8 in Long Blades
  3901 | D:5      | Found a glowing drain.
  3910 | Sewer    | Entered a sewer
  4007 | Sewer    | Reached * piety under Makhleb
  4111 | Sewer    | Gained mutation: Your touch may inflict minor irresistible
                  | damage on your foes. [demonic ancestry]
  4111 | Sewer    | Reached XP level 8. HP: 58/58 MP: 9/9
  4285 | D:5      | Noticed Dowan
  4288 | D:5      | Noticed Duvessa
  4311 | D:5      | Killed Duvessa
  4313 | D:5      | Killed Dowan
  4397 | D:5      | Reached ** piety under Makhleb
  5533 | D:6      | Found a runed translucent gate.
  5534 | D:6      | Found a runed translucent gate.
  5543 | D:6      | Found a runed translucent gate.
  5668 | D:6      | Reached skill level 9 in Long Blades
  5706 | D:6      | Found a basalt altar of Yredelemnul.
  5780 | D:6      | Noticed Maratek's ghost (novice MiFi)
  5979 | D:6      | Reached XP level 9. HP: 46/66 MP: 12/12
  6246 | D:6      | Killed Maratek's ghost
  6247 | D:6      | Reached skill level 5 in Fighting
  6247 | D:6      | Reached skill level 5 in Invocations
  6422 | D:7      | Noticed Pikel
  6424 | D:7      | Reached *** piety under Makhleb
  6437 | D:7      | Reached skill level 5 in Shields
  6636 | D:7      | Killed Pikel
  6637 | D:7      | Reached skill level 10 in Long Blades
  6748 | D:7      | Found a staircase to the Ecumenical Temple.
  6757 | Temple   | Entered the Ecumenical Temple
  6767 | D:7      | Noticed Maggie
  6779 | D:7      | HP: 2/69 [Maggie/bolt of fire (10)]
  6780 | D:7      | Succumbed to Maggie's poison

Illustrated notes

Levels and vault maps discovered:
D:1:      dpeg_arrival_chambers_temple_mockup, layout_basic,
          minmay_rat_gold_closets
D:2:      layout_loops_ring, minmay_statues_item
D:3:      layout_basic, nicolae_overflow_crystal_walls,
          nicolae_overflow_hidden_temple, ebering_ghost_inner_flame,
          serial_curves, eino_curves_03, eino_curves_04, uniq_terence,
          uniq_jessica
D:4:      layout_basic, uniq_blork_the_orc
D:5:      layout_loops_ring, nicolae_tso_carved_into_rock,
          chequers_temple_overflow_minitemple, serial_glass, glass_columns_c,
          glass_columns_c, portal_sewer_entry_d, uniq_duvessa, uniq_menkaure
D:6:      layout_basic, mainiacjoe_overflow_six_doors_small,
          gammafunk_ghost_necromancy
D:7:      layout_cave_pools, minmay_temple_entry_gardened_gates, uniq_pikel,
          uniq_maggie
Temple:   chequers_temple_sunken

Skill      XL: |  1  2  3  4  5  6  7  8  9 |
---------------+----------------------------+-----
Long Blades    | 2 3 4 5 7 8 9 10 | 10.2
Shields        | 3 4 5 |  5.5
Invocations    | 2 4 6 |  6.6
Fighting       | 4 6 |  6.0
Armour         | |  2.6

Action                     |  1- 3 |  4- 6 |  7- 9 || total
---------------------------+-------+-------+-------++-------
  Melee: Long sword        |    89 |    95 |   232 ||   416
 Invoke: Lesser Servant of |       |       |     2 ||     2
    Use: Potion            |       |       |     3 ||     3
   Stab: Distracted        |       |       |     1 ||     1
 Armour: Scale mail        |    49 |    46 |   144 ||   239
  Dodge: Dodged            |    29 |    25 |    69 ||   123
  Block: Buckler           |    13 |    23 |    78 ||   114

Table legend: (Time is in decaauts)
 A = Elapsed time spent in this place.
 B = Non-inter-level travel time spent in this place.
 C = Inter-level travel time spent in this place.
 D = Time resting spent in this place.
 E = Time spent auto-exploring this place.
 F = Levels seen in this place.
 G = Mean time per level.
                   A        B        C        D        E       F      G
               +--------+--------+--------+--------+--------+-----+--------+
         Total |   6870 |   6543 |    327 |    123 |   5343 |   9 |  763.3 |
       Dungeon |   6545 |   6218 |    327 |    123 |   5152 |   7 |  935.0 |
        Temple |      1 |      1 |      0 |      0 |      0 |   1 |    1.0 |
         Sewer |    323 |    323 |      0 |      0 |    191 |   1 |  323.0 |
               +--------+--------+--------+--------+--------+-----+--------+

Top non-repeatable levels by time:
     D:5: 1346 daAuts
     D:6: 1259 daAuts
     D:4: 1027 daAuts
     D:3: 1022 daAuts
     D:1: 1022 daAuts
     D:2: 573 daAuts
   Sewer: 323 daAuts
     D:7: 293 daAuts
  Temple: 1 daAuts
